Map: Daybreak LE (Void)

Players

Fropez

  • Race: Protoss Protoss
  • League: Gold
  • Spawn Location: 7:00

Bobby - Winner!

  • Race: Terran Terran
  • League: Gold
  • Spawn Location: 1:00

VOD

Have the link to the VOD?

Description

Time

  • Played on: Nov. 29, 2016, 5:03 p.m.
  • Length: 9:22
Show
View Real Time Build Order
Export as new Build Order

Fropez Protoss 

Build Orders: 1 Gate Expand 

Get SALT Encoding   

  12  0:01  Probe (Chrono Boost)  
  13  0:14  Pylon  
  13  0:17  Probe (Chrono Boost)  
  14  0:25  Assimilator  
  14  0:28  Probe (Chrono Boost)  
  15  0:41  Gateway  
  15  0:43  Probe (Chrono Boost)  
  16  0:54  Probe (Chrono Boost)  
  17  1:04  Probe (Chrono Boost)  
  18  1:17  Pylon  
  18  1:18  Pylon, Probe (Chrono Boost)  
  19  1:39  Nexus  
  19  1:45  Assimilator  
  19  1:55  Cybernetics Core  
  19  1:58  Probe (Chrono Boost)  
  20  2:07  Pylon  
  20  2:23  Pylon  
  19  2:42  Mothership Core (Chrono Boost)  
  19  2:43  Stalker  
  23  2:57  Gateway  
  23  3:01  Probe (Chrono Boost)  
  23  3:02  Probe (Chrono Boost)  
  25  3:09  Pylon  
  25  3:11  Probe (Chrono Boost)  
  26  3:13  Stalker, Warp Gate (Chrono Boost)  
  28  3:20  Probe  
  28  3:22  Gateway  
  29  3:27  Probe  
  30  3:37  Probe  
  31  3:42  Probe  
  31  3:43  Stalker  
  31  3:47  Stalker  
  36  3:52  Probe  
  37  3:59  Probe  
  38  4:05  Pylon  
  38  4:13  Twilight Council, Probe  
  39  4:21  Adept x2  
  45  4:24  Adept  
  45  4:26  Probe  
  45  4:27  Probe  
  47  4:39  Probe  
  47  4:42  Probe  
  49  4:49  Resonating Glaives  
  44  4:54  Probe  
  44  4:56  Probe  
  46  5:07  Robotics Facility  
  46  5:12  Forge  
  39  5:25  Pylon  
  39  5:29  Probe  
  39  5:34  Assimilator  
  36  5:53  Photon Cannon  
  36  5:54  Probe  
  37  6:04  Photon Cannon  
  37  6:06  Probe, Protoss Ground Weapons Level 1 (Chrono Boost)  
  37  6:08  Observer  
  30  6:37  Probe  
  30  6:39  Probe  
  30  6:49  Probe  
  30  6:51  Probe  
  30  6:58  Stalker x2  
  34  7:09  Nexus  
  34  7:12  Pylon x2  
  35  7:19  Observer  
  35  7:45  Stalker x3  
  41  8:08  Stalker  
  41  8:09  Stalker x2  
  41  8:10  Mothership Core  
  49  8:18  Pylon  
  37  9:09  Probe  
Show
View Real Time Build Order
Export as new Build Order

Bobby Terran - Winner!

Build Orders:  

Get SALT Encoding   

  12  0:01  SCV  
  13  0:13  SCV  
  14  0:17  Refinery  
  14  0:29  SCV, Supply Depot  
  15  0:45  Refinery  
  15  0:50  SCV  
  15  0:53  Barracks  
  16  1:02  SCV  
  17  1:09  Supply Depot  
  17  1:16  SCV  
  18  1:28  SCV  
  19  1:43  Factory  
  19  1:50  Barracks Reactor  
  19  1:54  SCV, Bunker  
  20  2:29  Marine x2  
  21  2:34  Factory Reactor  
  21  2:35  Starport  
  23  2:56  Orbital Command  
  22  3:12  Medivac  
  24  3:13  Widow Mine x2  
  28  3:22  Marine x2  
  30  3:42  SCV  
  31  4:01  Supply Depot  
  31  4:03  Supply Depot  
  31  4:22  Widow Mine x2, Medivac  
  31  4:23  Engineering Bay  
  31  4:24  Supply Depot, Barracks  
  37  4:29  SCV  
  38  4:35  Marine  
  39  4:50  Widow Mine x2  
  39  4:52  SCV  
  44  5:02  Starport Reactor  
  44  5:04  SCV  
  45  5:19  Widow Mine x2  
  49  5:32  Missile Turret  
  49  5:34  Barracks Tech Lab  
  49  5:47  Widow Mine  
  50  6:16  Supply Depot  
  44  6:53  Marine x2, Liberator  
  44  6:54  Supply Depot  
  46  6:55  Widow Mine  
  46  6:56  Marauder  
  46  6:58  Supply Depot, Liberator  
  46  6:59  Supply Depot  
  50  7:11  Marine x2  
  50  7:15  SCV  
  59  7:17  Marauder  
  61  7:27  SCV  
  61  7:29  Marine x2  
  64  7:33  Command Center  
  64  7:36  Barracks  
  64  7:57  Liberator  
  64  7:58  Marine x2, Marauder  
  66  8:16  Marine x2  
  73  8:20  Marauder  
  67  8:34  Marine  
  70  8:41  Marauder  
Tags
 
League
GoldGold
Matchup
PvT
Replay Pack
All Mines
Spawn Locations
Cross Positions
Add a new tag
Caveats
  • Supply blocks, unpowered buildings, or Contaminate may cause inaccurate times.
  • Supply counts are checked every 10 seconds.